 Dungeon Crawl Stone Soup version 0.29.1-2-gbd0b4ee654 (webtiles) character file.

Game seed: 10167866803876924680

56 xian the Trooper (level 3, -1/43 HPs)
             Began as a Demonspawn Abyssal Knight on Nov 13, 2022.
             Was a Believer of Lugonu.
             Killed from afar by Natasha (4 damage)
             ... with a magic dart
             ... on level 2 of the Dungeon.
             The game lasted 00:03:36 (2497 turns).

xian the Trooper (Demonspawn Abyssal Knight)        Turns: 2497, Time: 00:03:37

Health: -1/43      AC: 21    Str: 20    XL:     3   Next: 71%
Magic:  5/5        EV:  2    Int: 10    God:    Lugonu [**....]
Gold:   48         SH:  0    Dex: 19    Spells: 2/2 levels left

rFire   . . .      SeeInvis .   a - +1 short sword
rCold   . . .      Faith    .   (no shield)
rNeg    . . .      Spirit   .   (body armour currently unavailable)
rPois   +          Reflect  .   (helmet currently unavailable)
rElec   .          Harm     .   (cloak currently unavailable)
rCorr   .          Rampage  .   (gloves currently unavailable)
Will    .....      NoTele   +   (boots currently unavailable)
Stlth   +++.......              (no amulet)
HPRegen 0.14/turn               d - +6 ring of strength
MPRegen 0.09/turn               (no ring)

@: tree-form
A: stationary, stasis, torment immunity, boosted hp, thin skeletal structure 1,
demonic guardian 1, agile 1, inability to drink after injury 1
a: Renounce Religion, Depart the Abyss, Bend Space


You were on level 2 of the Dungeon.
You worshipped Lugonu.
Lugonu was pleased with you.
You were a tree.
You visited 1 branch of the dungeon, and saw 2 of its levels.
You visited the Abyss 1 time.

You collected 48 gold pieces.

Inventory:

Hand Weapons
 a - a +1 short sword (weapon)
Missiles
 b - 3 poisoned darts (quivered)
Armour
 h - a +0 chain mail (melded)
Jewellery
 d - a +6 ring of strength (left branch)
Scrolls
 c - a scroll of poison {unknown}
 i - a scroll of immolation {unknown}
 j - a scroll of teleportation {unknown}
 k - a scroll of torment {unknown}
Potions
 e - a potion of mutation {unknown}
 g - a potion of berserk rage {unknown}


   Skills:
 + Level 3.6 Fighting
 + Level 2.2 Short Blades
 + Level 2.2 Armour
 + Level 1.0 Dodging
 + Level 0.4 Stealth
 * Level 3.1 Invocations


You had 2 spell levels left.
You didn't know any spells.
Your spell library contained the following spells:

 Spells                   Type           Power      Damage    Failure   Level
 Leda's Liquefaction      Hex/Erth       0%         N/A       98%         4
 Lee's Rapid Deconstruct  Erth           0%         3d5*      100%        5
 Statue Form              Tmut/Erth      0%         N/A       100%        6


Dungeon Overview and Level Annotations

Branches:
Dungeon (2/15)

Altars:

Shops:
D:1 *

Annotations:
D:1 antiques
D:2 Natasha


Innate Abilities, Weirdness & Mutations

You are a tree.
Your roots penetrate the ground, keeping you stationary.
You cannot be teleported.
You are immune to unholy pain and torment.
Your maximum health is greatly increased.
Your equipment is partially melded.
You have a somewhat thin skeletal structure. (Dex +2, Stealth+)
A weak demonic guardian rushes to your aid.
You are agile. (Dex +4, Str/Int -1)
You occasionally lose the ability to drink potions when taking damage.


Message History

Your shadow imp hits Natasha.
Natasha barely misses your shadow imp. The white imp gestures at you.
The puff of frost misses you.
Your shadow imp closely misses Natasha.
Natasha claws your shadow imp. The white imp gestures at you.
The puff of frost hits you.
* * * LOW HITPOINT WARNING * * *
Your shadow imp barely misses Natasha.
Natasha closely misses your shadow imp.
The crimson imp attacks as you move away!
The crimson imp barely misses you.
It was a potion of lignification.
You turn into a tree.
Your +0 chain mail melds into your body.
Your roots penetrate the ground.
The crimson imp hits you but does no damage.
You hit the crimson imp.
The crimson imp is moderately wounded.
The crimson imp hits you but does no damage.
Unknown command.
You barely miss the crimson imp.
The crimson imp is lightly wounded.
The crimson imp hits you but does no damage.
The white imp hits something but does no damage.
Unknown command.
You hit the crimson imp.
The crimson imp is lightly wounded.
The crimson imp blinks!
The white imp barely misses your shadow imp.
Unknown command.
You cannot move.
Unknown command.
The white imp barely misses your shadow imp.
The white imp disappears in a puff of smoke!
Natasha barely misses your shadow imp. Something hits your shadow imp.
Your shadow imp dies!
Your shadow imp disappears in a puff of smoke!
You hear a shout!
Natasha hisses angrily.
Natasha stares at you and mumbles some strange words.
The magic dart hits you.
You die...

## #.# #####
###.#.### #### ...
#..###... ...#
###.#.#####.#.#.###
.#.#
#.♣.#..<##...#.##
...#
#§#####.......##
#.##
#h..#...##...## #.#
##..#.#.###.## #.#
#....#.# #.# #.###
###55....###.#
#...#
#....h....##'##
###.#
#.###.###.#...##
###.# #.###†#
#......##


You could see Natasha.

Vanquished Creatures
  Natasha (D:2)
  A dart slug (D:1)
  2 endoplasms
  3 goblins
  4 hobgoblins
  4 jackals
  2 kobolds (D:2)
  2 quokkas (D:1)
  3 ball pythons
  2 bats
  2 rats (D:1)
26 creatures vanquished.

Vanquished Creatures (collateral kills)
  An endoplasm (D:1)
1 creature vanquished.

Vanquished Creatures (others)
  A plant (D:2)
1 creature vanquished.

Grand Total: 28 creatures vanquished

Notes
Turn   | Place    | Note
-------+----------+-------------------------------------------
     0 | Abyss:1  | xian the Demonspawn Abyssal Knight began the quest for the
                  | Orb.
     0 | Abyss:1  | Reached XP level 1. HP: 18/18 MP: 2/2
    33 | Abyss:1  | Noticed a neqoxec
    34 | Abyss:1  | Gained mutation: You are agile. (Dex +4, Str/Int -1) [a
                  | neqoxec]
    39 | Abyss:1  | Gained mutation: You occasionally lose the ability to drink
                  | potions when taking damage. [a neqoxec]
    46 | D:1      | Escaped the Abyss
   330 | D:1      | Gained mutation: A weak demonic guardian rushes to your
                  | aid. [demonic ancestry]
   330 | D:1      | Reached XP level 2. HP: 19/24 MP: 4/4
   480 | D:1      | Reached ** piety under Lugonu
   591 | D:1      | Found Wydadosuopn's Assorted Antiques.
  1871 | D:2      | Gained mutation: You have a somewhat thin skeletal
                  | structure. (Dex +2, Stealth+) [demonic ancestry]
  1871 | D:2      | Reached XP level 3. HP: 29/29 MP: 5/5
  1968 | D:2      | Noticed Natasha
  1982 | D:2      | Killed Natasha
  1983 | D:2      | Reached skill level 1 in Dodging
  2265 | D:2      | Found a faded altar of an unknown god.
  2468 | D:2      | Noticed Natasha
  2488 | D:2      | HP: 1/29 [white imp/puff of frost[Natasha] (4)]
  2497 | D:2      | Killed from afar by Natasha

Illustrated notes

Levels and vault maps discovered:
D:1:      giann_forest_graveyard, layout_rooms, serial_shops, nicolae_shop_stone
D:2:      layout_loops_corners, chequers_ecumenical_altar_simple_redux,
          serial_forest, infiniplex_forest_zigzag_1, infiniplex_forest_fountain,
          infiniplex_forest_lined_corner, infiniplex_forest_clump_cross,
          infiniplex_forest_straight_1, uniq_natasha

Skill      XL: |  1  2  3 |
---------------+----------+-----
Armour         | 2 |  2.2
Short Blades   | 2 |  2.2
Dodging        | 1 |  1.0
Invocations    | 3 |  3.1
Fighting       | |  3.6
Stealth        | |  0.4

Action                   || total
-------------------------++-------
Melee: Short sword       ||   110
       Punch             ||     1
Throw: Dart              ||     2
Invok: Depart the Abyss  ||     1
  Use: Potion            ||     1
Armor: Leather armour    ||    14
       Chain mail        ||    16
       Skin              ||     3
Dodge: Dodged            ||    65
